Map: Prion Terraces

Players

Stratadon - Winner!

  • Race: Zerg Zerg
  • League: Gold

SticklerMac

  • Race: Zerg Zerg
  • League: Platinum

VOD

Have the link to the VOD?

Description

Time

  • Played on: Nov. 15, 2015, 7:47 p.m.
  • Length: 11:05
Show
View Real Time Build Order
Export as new Build Order

Stratadon Zerg - Winner!

Build Orders: Hatch First 

Get SALT Encoding   

  12  0:01  Drone  
  13  0:11  Drone  
  14  0:35  Hatchery  
  13  0:40  Drone  
  14  0:46  Overlord  
  14  0:51  Drone, Extractor  
  14  1:08  Spawning Pool  
  13  1:15  Drone x2  
  15  1:19  Drone  
  16  1:27  Drone  
  17  1:37  Drone  
  18  1:47  Drone  
  18  1:48  Drone  
  20  1:56  Metabolic Boost  
  20  1:57  Queen  
  20  2:01  Zergling x2  
  23  2:10  Queen  
  25  2:17  Drone x2  
  27  2:26  Overlord  
  27  2:27  Drone  
  28  2:43  Overlord  
  28  2:52  Drone  
  28  2:53  Drone x4  
  32  3:03  Queen  
  34  3:08  Drone x2  
  36  3:17  Zergling x2  
  36  3:18  Zergling x8  
  36  3:19  Zergling x2  
  43  3:20  Zergling x2  
  43  3:30  Overlord  
  43  3:31  Overlord  
  43  3:48  Queen  
  43  3:54  Evolution Chamber  
  43  3:55  Evolution Chamber  
  43  3:58  Roach Warren  
  42  4:21  Zerg Melee Weapons Level 1  
  42  4:27  Drone  
  42  4:28  Drone x8  
  51  4:32  Extractor  
  50  4:47  Extractor  
  50  4:52  Drone  
  50  4:53  Drone x6  
  50  4:54  Extractor  
  55  5:10  Zerg Ground Armor Level 1  
  55  5:14  Hatchery  
  54  5:16  Hatchery  
  53  5:30  Drone  
  53  5:31  Drone x5  
  53  5:33  Overlord  
  53  5:34  Overlord x2  
  59  5:38  Lair  
  59  5:56  Zergling x10  
  59  5:57  Zergling x6  
  67  6:12  Zergling x8  
  69  6:19  Zergling x2  
  69  6:20  Zergling x2  
  66  6:38  Spire  
  65  6:41  Queen x2  
  65  6:42  Queen x2  
  65  6:43  Drone  
  65  6:44  Drone x10  
  84  6:53  Drone  
  85  6:54  Drone x5  
  90  7:02  Extractor  
  90  7:04  Overlord, Extractor x3  
  90  7:05  Overlord  
  84  7:27  Zerg Ground Armor Level 2, Zerg Melee Weapons Level 2  
  84  7:46  Drone  
  84  7:47  Drone x9  
  94  7:51  Mutalisk, Zerg Flyer Weapons Level 1  
  94  7:52  Mutalisk x7  
  110  8:16  Mutalisk  
  110  8:17  Infestation Pit  
  110  8:18  Overlord x4, Zergling x2  
  110  8:19  Overlord  
  112  8:21  Pneumatized Carapace  
  112  8:26  Spore Crawler  
  111  8:28  Spore Crawler  
  111  8:30  Spore Crawler  
  111  8:33  Spore Crawler  
  108  8:35  Spore Crawler  
  108  8:36  Spore Crawler  
  107  8:41  Drone x4  
  107  8:42  Drone x2  
  107  8:43  Overlord x3  
  107  8:45  Mutalisk  
  114  8:49  Mutalisk  
  116  9:00  Overlord x3  
  116  9:02  Overlord x3  
  116  9:09  Mutalisk  
  116  9:10  Mutalisk x3  
  123  9:23  Mutalisk x6  
  123  9:34  Mutalisk x5  
  123  9:37  Zergling x6  
  136  9:44  Mutalisk x3  
  138  9:45  Zergling x2  
  138  9:46  Zergling x4  
  141  10:01  Mutalisk x3  
  142  10:10  Zergling x20  
  144  10:17  Queen, Zergling x8  
  144  10:18  Queen  
  139  10:21  Queen  
  139  10:23  Mutalisk  
  139  10:25  Zergling x2  
  139  10:26  Zergling x2  
  140  10:31  Drone  
  140  10:32  Drone x4  
Show
View Real Time Build Order
Export as new Build Order

SticklerMac Zerg 

Build Orders: Hatch First 

Get SALT Encoding   

  12  0:01  Drone  
  13  0:08  Drone  
  14  0:17  Overlord  
  14  0:35  Drone x3  
  17  0:55  Hatchery  
  17  0:57  Drone  
  17  1:01  Drone  
  17  1:02  Extractor  
  17  1:16  Spawning Pool  
  16  1:20  Drone  
  17  1:29  Drone  
  17  1:32  Drone  
  19  1:40  Overlord  
  19  1:50  Drone  
  20  2:02  Drone  
  20  2:04  Queen  
  20  2:08  Queen  
  25  2:09  Drone  
  25  2:14  Baneling Nest  
  25  2:18  Drone  
  25  2:20  Drone  
  27  2:29  Metabolic Boost  
  27  2:30  Drone  
  27  2:33  Drone  
  29  2:38  Zergling x2  
  29  2:40  Zergling x2  
  31  2:44  Zergling x2  
  31  2:50  Zergling x2  
  33  2:55  Drone  
  34  3:01  Drone  
  35  3:06  Overlord  
  35  3:15  Overlord  
  35  3:20  Overlord  
  35  3:24  Queen x2  
  39  3:30  Zergling x8  
  39  3:33  Zergling x4  
  45  3:35  Drone  
  45  3:40  Drone  
  47  3:41  Drone  
  47  3:45  Extractor  
  47  3:50  Drone x3  
  50  3:58  Drone x4  
  50  4:01  Pneumatized Carapace  
  54  4:13  Baneling x6  
  54  4:26  Drone x4  
  54  4:27  Drone x2  
  60  4:33  Overlord x3  
  60  4:44  Drone, Extractor  
  60  4:45  Extractor  
  59  4:50  Drone  
  60  5:05  Drone x2  
  62  5:10  Lair  
  62  5:23  Roach Warren  
  61  5:30  Evolution Chamber  
  61  5:31  Drone  
  61  5:32  Drone x4  
  61  5:33  Drone  
  61  5:34  Evolution Chamber  
  65  5:36  Zergling x6  
  65  5:39  Overlord  
  68  5:53  Hatchery  
  60  6:19  Queen  
  60  6:20  Queen  
  60  6:34  Spire  
  59  6:50  Drone  
  60  6:57  Drone  
  59  7:33  Roach x5  
  59  7:34  Roach x4  
  77  7:45  Queen  
  77  7:46  Mutalisk  
  77  7:47  Mutalisk x8  
  77  7:50  Overlord x3  
  97  7:52  Zergling x2  
  98  7:59  Overlord x5  
  98  8:08  Queen x2  
  98  8:12  Mutalisk  
  102  8:13  Mutalisk x6  
  116  8:22  Overseer  
  116  8:25  Mutalisk  
  116  8:26  Mutalisk  
  120  8:38  Mutalisk  
  122  8:58  Mutalisk x2  
  123  9:20  Roach x8  
  123  9:21  Roach  
  135  9:33  Mutalisk  
  135  9:34  Mutalisk  
  135  9:35  Zergling x2  
  139  9:48  Roach  
  139  9:49  Roach x5  
  140  10:10  Roach x7  
  131  10:20  Spore Crawler  
  112  10:22  Spore Crawler  
  112  10:23  Spore Crawler  
  112  10:24  Spore Crawler  
  112  10:27  Spore Crawler x2  
  112  10:28  Spore Crawler  
  78  10:30  Overseer  
  78  10:31  Spore Crawler  
  78  10:34  Spore Crawler x2  
  78  10:35  Spore Crawler  
  66  10:36  Spore Crawler, Extractor  
  66  10:38  Extractor  
  57  10:47  Infestation Pit  
  57  10:48  Hatchery  
Tags
 
Add a new tag
Caveats
  • Supply blocks, unpowered buildings, or Contaminate may cause inaccurate times.
  • Supply counts are checked every 10 seconds.